[Event "RUS-ch Women Blitz 2019"]
[Site "Sochi"]
[Date "2019.10.17"]
[Round "9.1"]
[White "Kovanova, Baira"]
[Black "Belenkaya, Dina"]
[Result "0-1"]
[ECO "A07"]
[WhiteElo "2344"]
[BlackElo "2300"]
[Annotator "NA RC"]
[PlyCount "142"]
[EventDate "2019.10.17"]
[EventType "swiss"]
[EventCountry "RUS"]
[SourceTitle "playchess.com"]
[Source "ChessBase"]
[SourceQuality "1"]
[TimeControl "180+2"]

1. Nf3 d5 2. g3 c6 3. Bg2 Nf6 4. O-O Bg4 5. d3 e6 6. Nbd2 Be7 7. h3 Bh5 8. e4 dxe4 9. dxe4 O-O 10. Qe2 Nbd7 11. b3 e5 12. Bb2 Qc7 13. Rfe1 Rfe8 14. Qf1 Bc5 15. Nh4 Bg6 16. Qe2 a5 17. a4 Rad8 18. Nc4 b6 19. Rad1 b5 20. axb5 cxb5 21. Na3 b4 22. Nc4 Bh5 23. g4 Bg6 24. Ra1 Ra8 25. Nf5 Ra7 26. Red1 Nf8 27. Qf3 N6d7 28. Ncd6 Rd8 29. Nb5 Qb6 30. Nxa7 Qxa7 31. Bc1 f6 32. Be3 Rc8 33. Nd6 Rc7 34. Nb5 Qb6 35. Nxc7 Qxc7 36. Qe2 Bd6 37. Qc4+ Bf7 38. Qxc7 Bxc7 39. Bf1 Nb8 40. Bb5 Ne6 41. Bc4 Kf8 42. Kf1 Ke7 43. Ke2 Nc6 44. Bxe6 Bxe6 45. Bc5+ Ke8 46. Bd6 Bb6 47. Kf1 Nd4 48. Rd2 Nf3 49. Rd3 Nd4 50. c3 Nxb3 51. Rb1 Bc4 52. Rxb3 Bxb3 53. cxb4 Bc4 54. Ke2 axb4 55. Bxb4 Bxd3+ 56. Kxd3 Bxf2 57. Kc4 Kf7 58. Kd5 Kg6 59. Bd2 h5 60. Ke6 hxg4 61. hxg4 Bg3 62. Ke7 Bf4 63. Be1 Kg5 64. Kf7 g6 65. Bb4 Kxg4 66. Kxg6 Bg5 67. Be1 Kf4 68. Kh5 Kxe4 69. Kg4 Be3 70. Kg3 f5 71. Kg2 f4 0-1

[Event "RUS-ch Women Blitz 2019"]
[Site "Sochi"]
[Date "2019.10.17"]
[Round "9.2"]
[White "Semenova, Elena"]
[Black "Bodnaruk, Anastasia"]
[Result "0-1"]
[ECO "B53"]
[WhiteElo "2282"]
[BlackElo "2419"]
[Annotator "NA"]
[PlyCount "118"]
[EventDate "2019.10.17"]
[EventType "swiss"]
[EventCountry "RUS"]
[SourceTitle "playchess.com"]
[Source "ChessBase"]
[SourceQuality "1"]
[TimeControl "180+2"]

1. e4 c5 2. Nf3 d6 3. d4 cxd4 4. Qxd4 a6 5. c4 Nc6 6. Qe3 g6 7. Be2 Bg7 8. Nc3 Nf6 9. h3 O-O 10. O-O Nd7 11. Rd1 Nc5 12. Rb1 f5 13. b4 f4 14. Qd2 Ne6 15. Nd5 Ned4 16. Bb2 Nxf3+ 17. Bxf3 Bxb2 18. Rxb2 Ne5 19. Qe2 e6 20. Nc3 Qc7 21. Rc2 Bd7 22. Qd2 Nxc4 23. Qd4 Rac8 24. Bg4 b5 25. Be2 f3 26. Bxf3 Rfd8 27. Bg4 Ne5 28. Rdc1 Qb8 29. Ne2 Rc4 30. Rxc4 bxc4 31. a3 h5 32. Bf3 Nxf3+ 33. gxf3 e5 34. Qd5+ Kg7 35. Rxc4 Bxh3 36. Rc6 Qb7 37. Qc4 Qe7 38. Rc7 Rd7 39. Rxd7 Bxd7 40. Kf1 Bb5 41. Qc3 Qf6 42. Ke1 h4 43. Qc7+ Kh6 44. Ng1 Qg5 45. Nh3 Qg2 46. Qc8 Qf1+ 47. Kd2 Qe2+ 48. Kc1 Qe1+ 49. Kc2 Qe2+ 50. Kc1 Qe1+ 51. Kc2 Ba4+ 52. Kd3 Qd1+ 53. Ke3 Qe1+ 54. Kd3 Qd1+ 55. Ke3 Qd4+ 56. Ke2 Bb5+ 57. Ke1 Qa1+ 58. Kd2 Qb2+ 59. Ke3 Qe2# {[%emt 0:00:01] Kd4} 0-1

[Event "RUS-ch Women Blitz 2019"]
[Site "Sochi"]
[Date "2019.10.17"]
[Round "9.3"]
[White "Maltsevskaya, Aleksandra"]
[Black "Voit, Daria"]
[Result "1-0"]
[ECO "B72"]
[WhiteElo "2333"]
[BlackElo "2336"]
[Annotator "NA"]
[PlyCount "107"]
[EventDate "2019.10.17"]
[EventType "swiss"]
[EventCountry "RUS"]
[SourceTitle "playchess.com"]
[Source "ChessBase"]
[SourceQuality "1"]
[TimeControl "180+2"]

1. e4 c5 2. Nf3 d6 3. d4 cxd4 4. Nxd4 Nf6 5. Nc3 g6 6. Be3 Bg7 7. Bc4 Nc6 8. f3 O-O 9. Bb3 Bd7 10. Qd2 Na5 11. O-O-O Rb8 12. h4 b5 13. Qe2 a6 14. g4 e5 15. Nf5 Nxb3+ 16. axb3 gxf5 17. gxf5 b4 18. Nd5 Nxd5 19. Rxd5 Bb5 20. Qg2 f6 21. h5 Kf7 22. h6 Bh8 23. Rhd1 Qa5 24. Kb1 Rfd8 25. Qh3 Qc7 26. f4 Rbc8 27. fxe5 dxe5 28. Qh5+ Ke7 29. Bc5+ Qxc5 30. Rxc5 Rxd1+ 31. Qxd1 Rxc5 32. Qg1 Rc8 33. Qa7+ Kd6 34. Qxh7 Bc6 35. Qf7 Bxe4 36. Qe6+ Kc7 37. Qe7+ Kb8 38. Qxb4+ Bb7 39. Qd6+ Ka7 40. Qe6 Rd8 41. c4 Ka8 42. b4 Rc8 43. b3 Rc6 44. Qe8+ Rc8 45. Qe6 Rc6 46. Qe7 Rc8 47. Kb2 Rb8 48. b5 Rc8 49. h7 axb5 50. cxb5 Kb8 51. b6 Rc6 52. Qd8+ Rc8 53. Qd6+ Ka8 54. Qa3+ 1-0

[Event "RUS-ch Women Blitz 2019"]
[Site "Sochi"]
[Date "2019.10.17"]
[Round "9.4"]
[White "Garifullina, Leya"]
[Black "Guseva, Marina"]
[Result "1/2-1/2"]
[ECO "B12"]
[WhiteElo "2330"]
[BlackElo "2366"]
[Annotator "NA"]
[PlyCount "117"]
[EventDate "2019.10.17"]
[EventType "swiss"]
[EventCountry "RUS"]
[SourceTitle "playchess.com"]
[Source "ChessBase"]
[SourceQuality "1"]
[TimeControl "180+2"]

1. e4 c6 2. d4 d5 3. e5 Bf5 4. h4 c5 5. dxc5 Qc7 6. Qxd5 e6 7. Qc4 Qxe5+ 8. Be2 Qxc5 9. Qa4+ Nc6 10. Nc3 Qd4 11. Qb5 O-O-O 12. Be3 Qb4 13. a3 Qxb5 14. Nxb5 a6 15. Na7+ Nxa7 16. Bxa7 Nf6 17. Nf3 Bd6 18. Bd4 Bc7 19. O-O-O Ne4 20. Be3 e5 21. Bc4 f6 22. Nd2 Nxd2 23. Rxd2 Rxd2 24. Kxd2 Rd8+ 25. Kc1 b5 26. Be2 Be4 27. f3 Bc6 28. h5 e4 29. f4 f5 30. g4 g6 31. hxg6 hxg6 32. Rh6 Be8 33. c4 bxc4 34. Bxc4 a5 35. Be6+ Bd7 36. Bxd7+ Rxd7 37. Rxg6 fxg4 38. Rxg4 Rd3 39. Bd2 e3 40. Be1 e2 41. Bd2 Bb6 42. Rg2 Rf3 43. Rxe2 Kb7 44. Kc2 Bc7 45. Re7 Kc6 46. Re6+ Kb5 47. Rf6 a4 48. Rf5+ Kc4 49. Rf8 Bb6 50. Rc8+ Kb5 51. Rc3 Rf2 52. Rd3 Kc4 53. Rc3+ Kb5 54. b3 axb3+ 55. Rxb3+ Kc6 56. a4 Ba5 57. Rd3 Bxd2 58. Rxd2 Rxf4 59. Kb3 {[%emt 0:00:01] Kd5} 1/2-1/2

[Event "RUS-ch Women Blitz 2019"]
[Site "Sochi"]
[Date "2019.10.17"]
[Round "9.6"]
[White "Pogonina, Natalija"]
[Black "Charochkina, Daria"]
[Result "1-0"]
[ECO "D00"]
[WhiteElo "2479"]
[BlackElo "2355"]
[Annotator "ChessBase"]
[PlyCount "121"]
[EventDate "2019.10.17"]
[EventType "swiss"]
[EventCountry "RUS"]
[SourceTitle "playchess.com"]
[Source "ChessBase"]
[SourceQuality "1"]
[TimeControl "180+2"]

1. d4 d5 2. g3 Nf6 3. Bg2 g6 4. c4 c6 5. Qa4 Bg7 6. cxd5 Nxd5 7. Nf3 O-O 8. O-O Nb6 9. Qc2 Bg4 10. Rd1 N8d7 11. Nc3 Rc8 12. Bf4 Nd5 13. Nxd5 cxd5 14. Qb3 Nb6 15. a4 Bf5 16. Rdc1 Qd7 17. Ne5 Bxe5 18. Bxe5 Nc4 19. Bf4 Be6 20. a5 a6 21. Qb4 Nd6 22. Bxd6 exd6 23. e3 Rc6 24. Bf1 Rfc8 25. Rxc6 Qxc6 26. Ra3 Qc1 27. Rc3 Rxc3 28. Qxc3 Qa1 29. h4 Bh3 30. Qd3 Bxf1 31. Qxf1 Qxa5 32. Qc1 Qd8 33. Kg2 Kg7 34. Qc3 h5 35. Qb3 Qc7 36. Qxd5 Qc6 37. Qxc6 bxc6 38. Kf3 Kf6 39. Ke4 Ke6 40. f3 c5 41. dxc5 dxc5 42. Kd3 f5 43. Kc4 Kd6 44. b3 Kc6 45. e4 fxe4 46. fxe4 Kd6 47. e5+ Kxe5 48. Kxc5 Ke4 49. Kb6 Kd3 50. Kxa6 Kc3 51. Kb5 Kxb3 52. Kc5 Kc3 53. Kd5 Kd3 54. Ke5 Ke3 55. Kf6 Kf3 56. Kxg6 Kxg3 57. Kxh5 Kf4 58. Kg6 Ke5 59. h5 Ke6 60. h6 Ke7 61. Kg7 1-0

[Event "RUS-ch Women Blitz 2019"]
[Site "Sochi"]
[Date "2019.10.17"]
[Round "9.7"]
[White "Markelova, Lubov"]
[Black "Ambartsumova, Karina"]
[Result "0-1"]
[ECO "A04"]
[WhiteElo "2198"]
[BlackElo "2341"]
[Annotator "NA"]
[PlyCount "104"]
[EventDate "2019.10.17"]
[EventType "swiss"]
[EventCountry "RUS"]
[SourceTitle "playchess.com"]
[Source "ChessBase"]
[SourceQuality "1"]
[TimeControl "180+2"]

1. Nf3 c5 2. c4 Nc6 3. Nc3 e6 4. e3 Nf6 5. b3 Be7 6. Bb2 O-O 7. Be2 d5 8. cxd5 Nxd5 9. Nxd5 Qxd5 10. O-O Rd8 11. d4 Bf6 12. Ne5 Bxe5 13. dxe5 Qd2 14. Rb1 b6 15. Bf3 Bb7 16. Qc1 Qxc1 17. Rbxc1 Rd2 18. Bc3 Rd7 19. Rfd1 Rad8 20. Rxd7 Rxd7 21. Rd1 Rxd1+ 22. Bxd1 Ne7 23. Bf3 Bxf3 24. gxf3 Nd5 25. Bd2 b5 26. Kf1 Kf8 27. Ke2 Ke7 28. e4 Nb6 29. Kd3 Kd7 30. Be3 Kc6 31. Kc3 Nd7 32. f4 g6 33. a3 a5 34. f3 Nb6 35. Bf2 b4+ 36. axb4 axb4+ 37. Kc2 Kb5 38. Kd3 Nc8 39. Be3 Ne7 40. Bf2 Nc6 41. Be3 Na5 42. Kc2 c4 43. bxc4+ Kxc4 44. Bb6 Nc6 45. Bc7 b3+ 46. Kb2 Nb4 47. Ba5 Nd3+ 48. Kb1 Nxf4 49. Bd2 Nd3 50. f4 Nf2 51. f5 Nxe4 52. Be3 exf5 0-1

[Event "RUS-ch Women Blitz 2019"]
[Site "Sochi"]
[Date "2019.10.17"]
[Round "9.8"]
[White "Serditykh, Olesya"]
[Black "Styazhkina, Anna"]
[Result "0-1"]
[ECO "D19"]
[WhiteElo "1990"]
[BlackElo "2280"]
[Annotator "NA"]
[PlyCount "76"]
[EventDate "2019.10.17"]
[EventType "swiss"]
[EventCountry "RUS"]
[SourceTitle "playchess.com"]
[Source "ChessBase"]
[SourceQuality "1"]
[TimeControl "180+2"]

1. d4 d5 2. Nf3 Nf6 3. c4 c6 4. Nc3 dxc4 5. a4 Bf5 6. e3 e6 7. Bxc4 Bb4 8. O-O O-O 9. Qe2 Bg6 10. Ne5 Nbd7 11. Nxg6 hxg6 12. Rd1 Qa5 13. Bd2 Rad8 14. h3 c5 15. d5 e5 16. e4 Nb6 17. Bb3 Nc8 18. Rac1 Nd6 19. Bc2 a6 20. Rf1 Rfe8 21. Rce1 c4 22. Qf3 Qc5 23. Bg5 Qd4 24. Rd1 Qb6 25. Bxf6 gxf6 26. Qxf6 Bc5 27. Qf3 Qxb2 28. Rc1 Qb6 29. Rb1 Qc7 30. Rfc1 Kg7 31. Bd1 Rb8 32. Be2 b5 33. axb5 axb5 34. Qg3 Bd4 35. Kh1 b4 36. Nd1 c3 37. Ne3 Nxe4 38. Qf3 Nd2 0-1

[Event "RUS-ch Women Blitz 2019"]
[Site "Sochi"]
[Date "2019.10.17"]
[Round "9.10"]
[White "Sukhareva, Evgeniya"]
[Black "Zhurova, Anna"]
[Result "1-0"]
[ECO "A43"]
[WhiteElo "2122"]
[BlackElo "1987"]
[Annotator "NA"]
[PlyCount "88"]
[EventDate "2019.10.17"]
[EventType "swiss"]
[EventCountry "RUS"]
[SourceTitle "playchess.com"]
[Source "ChessBase"]
[SourceQuality "1"]
[TimeControl "180+2"]

1. d4 c5 2. d5 f5 3. c4 g6 4. g3 Bg7 5. Bg2 d6 6. Nf3 Nf6 7. Nc3 O-O 8. O-O Na6 9. Re1 Nc7 10. e4 fxe4 11. Nxe4 Nxe4 12. Rxe4 Bf5 13. Re1 b5 14. Bg5 Bf6 15. Bxf6 exf6 16. b3 Re8 17. Nh4 Bd7 18. Qc2 Kg7 19. Nf3 Bf5 20. Qc3 Qd7 21. Qa5 Bd3 22. Nd2 Re5 23. Bh3 Qe7 24. Nf3 Re4 25. Rxe4 Bxe4 26. Re1 Re8 27. Nd2 f5 28. f3 bxc4 29. fxe4 Nxd5 30. Nxc4 Nf6 31. e5 dxe5 32. Rxe5 Qd7 33. Rxe8 Qxe8 34. Qc3 Qe6 35. Bf1 Kf7 36. Bg2 Ng4 37. Qd2 Qe7 38. Bd5+ Kf8 39. h3 Nf6 40. Bg2 Nh5 41. Kh2 Qc7 42. Qd6+ Qxd6 43. Nxd6 Ke7 44. Nc8+ Kd7 1-0

[Event "RUS-ch Women Blitz 2019"]
[Site "Sochi"]
[Date "2019.10.17"]
[Round "9.11"]
[White "Chernyak, Viktoria"]
[Black "Dubnikova, Anastasia"]
[Result "1-0"]
[ECO "A14"]
[WhiteElo "2284"]
[BlackElo "2171"]
[Annotator "NA"]
[PlyCount "113"]
[EventDate "2019.10.17"]
[EventType "swiss"]
[EventCountry "RUS"]
[SourceTitle "playchess.com"]
[Source "ChessBase"]
[SourceQuality "1"]
[TimeControl "180+2"]

1. c4 e6 2. g3 d5 3. Bg2 Nf6 4. Nf3 Be7 5. O-O O-O 6. b3 c6 7. Bb2 b6 8. d4 Bb7 9. Nc3 Nbd7 10. Rc1 Rc8 11. e3 Re8 12. Qe2 Bd6 13. Rfd1 Qe7 14. Qd3 Ba6 15. h4 Bb8 16. Bf1 c5 17. Nb5 Ne4 18. a4 Ndf6 19. Bg2 Ng4 20. Rf1 Rcd8 21. Ne5 Nxe5 22. dxe5 Bb7 23. Qe2 a6 24. Nc3 Nxc3 25. Bxc3 d4 26. exd4 Bxg2 27. Kxg2 cxd4 28. Bd2 Qb7+ 29. Kg1 Qc6 30. Bf4 Rd7 31. Rfd1 h6 32. Rd3 Red8 33. Rcd1 Qc5 34. Qe4 a5 35. Kh2 Bc7 36. h5 Bb8 37. Qe2 Qb4 38. Kg1 Bc7 39. g4 Qe7 40. Kg2 Qb4 41. Qe4 Bb8 42. Kg3 Qc5 43. Kg2 Bc7 44. f3 Bb8 45. Kg3 Bc7 46. Kh3 Bb8 47. Bg3 Bc7 48. Qe2 Qb4 49. Bf2 Qc5 50. Bg3 Qb4 51. f4 Bb8 52. Qe4 Qc5 53. Bf2 Kf8 54. Rxd4 Rxd4 55. Rxd4 Rxd4 56. Qxd4 Qb4 57. Qd8# 1-0

[Event "RUS-ch Women Blitz 2019"]
[Site "Sochi"]
[Date "2019.10.17"]
[Round "9.12"]
[White "Shafigullina, Zarina"]
[Black "Yakimova, Mariya"]
[Result "0-1"]
[ECO "A84"]
[WhiteElo "2295"]
[BlackElo "2276"]
[Annotator "NA"]
[PlyCount "71"]
[EventDate "2019.10.17"]
[EventType "swiss"]
[EventCountry "RUS"]
[SourceTitle "playchess.com"]
[Source "ChessBase"]
[SourceQuality "1"]
[TimeControl "180+2"]

1. d4 f5 2. c4 Nf6 3. Nf3 e6 4. g3 d5 5. Bg2 c6 6. b3 Bd6 7. O-O Qe7 8. Bb2 O-O 9. Qc1 a5 10. Ba3 Bxa3 11. Nxa3 b6 12. Ne5 Bb7 13. Nc2 Nbd7 14. Nd3 a4 15. Ne3 axb3 16. axb3 Rxa1 17. Qxa1 Ra8 18. Qb2 Qa3 19. Qc2 Qa2 20. Qc3 g6 21. cxd5 exd5 22. Nf4 Ra3 23. Qb4 c5 24. dxc5 Rxb3 25. Qd4 bxc5 26. Qd1 d4 27. Ned5 Rb2 28. Nd3 Bxd5 29. Bxd5+ Nxd5 30. Nxb2 Qxb2 31. Qa4 N7f6 32. Qc6 Qxe2 33. Ra1 Kg7 34. Qxc5 d3 35. Qd4 d2 36. h4 0-1

[Event "RUS-ch Women Blitz 2019"]
[Site "Sochi"]
[Date "2019.10.17"]
[Round "10.1"]
[White "Belenkaya, Dina"]
[Black "Maltsevskaya, Aleksandra"]
[Result "0-1"]
[ECO "B24"]
[WhiteElo "2300"]
[BlackElo "2333"]
[Annotator "NA"]
[PlyCount "106"]
[EventDate "2019.10.17"]
[EventType "swiss"]
[EventCountry "RUS"]
[SourceTitle "playchess.com"]
[Source "ChessBase"]
[SourceQuality "1"]
[TimeControl "180+2"]

1. e4 c5 2. Nc3 Nc6 3. g3 g6 4. Bg2 Bg7 5. d3 e6 6. Nf3 Nge7 7. Bg5 h6 8. Be3 b6 9. O-O O-O 10. d4 cxd4 11. Nxd4 Bb7 12. Qd2 Kh7 13. Ndb5 d5 14. exd5 exd5 15. Nxd5 Ne5 16. Nf6+ Bxf6 17. Bxb7 Rb8 18. Bg2 Nc4 19. Qxd8 Rfxd8 20. Nxa7 Bxb2 21. Rad1 Nxe3 22. fxe3 Kg7 23. c4 Ba3 24. Bd5 f6 25. e4 Bc5+ 26. Kg2 Rd7 27. Nb5 Rbd8 28. g4 f5 29. gxf5 gxf5 30. Rde1 fxe4 31. Rf7+ Kg6 32. Rxe4 Rxd5 33. Rfxe7 Rd2+ 34. Kh3 R8d3+ 35. Kg4 h5+ 36. Kf4 Rf2+ 37. Ke5 Bxe7 38. Ke6 Bf6 39. Nc7 Rff3 40. Nd5 Bg5 41. a4 Rd1 42. Nxb6 Re3 43. Rxe3 Bxe3 44. a5 Ra1 45. Nd5 Bc5 46. Nf4+ Kg5 47. Nd3 Be3 48. c5 Rxa5 49. c6 Bb6 50. Kd6 Ra1 51. h3 Rd1 52. c7 Bxc7+ 53. Kxc7 Rxd3 0-1

[Event "RUS-ch Women Blitz 2019"]
[Site "Sochi"]
[Date "2019.10.17"]
[Round "10.2"]
[White "Bodnaruk, Anastasia"]
[Black "Tomilova, Elena"]
[Result "1/2-1/2"]
[ECO "C00"]
[WhiteElo "2419"]
[BlackElo "2345"]
[Annotator "NA"]
[PlyCount "156"]
[EventDate "2019.10.17"]
[EventType "swiss"]
[EventCountry "RUS"]
[SourceTitle "playchess.com"]
[Source "ChessBase"]
[SourceQuality "1"]
[TimeControl "180+2"]

1. e4 e6 2. d3 d5 3. Nd2 Nf6 4. Ngf3 b6 5. c3 Bb7 6. Qc2 c5 7. e5 Nfd7 8. d4 Nc6 9. a3 a5 10. Be2 Be7 11. O-O O-O 12. Rd1 Qc7 13. Nf1 c4 14. Ng3 f5 15. exf6 Nxf6 16. Ng5 Qd7 17. Nh5 g6 18. Nf4 Nd8 19. Nxg6 hxg6 20. Qxg6+ Kh8 21. Bd3 Bd6 22. Qh6+ Kg8 23. Be2 Qg7 24. Qh4 Bc6 25. Be3 Be8 26. f4 Bg6 27. Bf3 b5 28. Re1 Ne4 29. Bxe4 Bxe4 30. Nxe4 dxe4 31. Bd2 Qh7 32. Qxh7+ Kxh7 33. Rxe4 Rg8 34. Rae1 Ra7 35. g3 Kg7 36. Kg2 Kf6 37. d5 Re7 38. dxe6 Rxe6 39. Rd4 Bc5 40. Rd5 Nb7 41. Ree5 Rxe5 42. Rxe5 Rd8 43. Be1 Rd1 44. Kf1 Rb1 45. Re2 Nd6 46. g4 b4 47. axb4 axb4 48. cxb4 Bd4 49. h4 Rxb2 50. g5+ Kf5 51. h5 Rxe2 52. Kxe2 Kxf4 53. g6 Kg5 54. Bf2 Bg7 55. Bc5 Nb5 56. Kd2 Kxh5 57. Kc2 Kxg6 58. Be3 Kf5 59. Bg1 Ke4 60. Bf2 Kd5 61. Bg1 Bf8 62. Bf2 Bxb4 63. Bh4 Bd6 64. Bf6 Be5 65. Bd8 Nd4+ 66. Kc1 Nb5 67. Kc2 c3 68. Ba5 Kc4 69. Bxc3 Nxc3 70. Kd2 Bf4+ 71. Ke1 Kd3 72. Kf2 Ke4 73. Kg2 Ne2 74. Kf2 Nd4 75. Kg2 Ke3 76. Kf1 Kf3 77. Kg1 Bg3 78. Kh1 Ne6 1/2-1/2

[Event "RUS-ch Women Blitz 2019"]
[Site "Sochi"]
[Date "2019.10.17"]
[Round "10.3"]
[White "Styazhkina, Anna"]
[Black "Pogonina, Natalija"]
[Result "0-1"]
[ECO "C50"]
[WhiteElo "2280"]
[BlackElo "2479"]
[Annotator "ChessBase"]
[PlyCount "62"]
[EventDate "2019.10.17"]
[EventType "swiss"]
[EventCountry "RUS"]
[SourceTitle "playchess.com"]
[Source "ChessBase"]
[SourceQuality "1"]
[TimeControl "180+2"]

1. e4 e5 2. Nf3 Nc6 3. Bc4 Bc5 4. Nc3 Nf6 5. d3 h6 6. a3 a6 7. Be3 Bxe3 8. fxe3 O-O 9. O-O d6 10. Qe1 Be6 11. Nd5 Bxd5 12. exd5 Ne7 13. e4 Ng6 14. Kh1 Qe7 15. Bb3 Nh7 16. c3 Ng5 17. Nh4 Nxh4 18. Qxh4 Qd7 19. d4 Qb5 20. Ba2 Qxb2 21. dxe5 dxe5 22. c4 Qd4 23. Rae1 a5 24. Qg4 f5 25. Rxf5 Rxf5 26. Qxf5 Qd2 27. Qf1 Qxa2 28. c5 Rf8 29. Qd3 Qf2 30. Rg1 Qf4 31. Re1 Nxe4 0-1

[Event "RUS-ch Women Blitz 2019"]
[Site "Sochi"]
[Date "2019.10.17"]
[Round "10.4"]
[White "Ambartsumova, Karina"]
[Black "Semenova, Elena"]
[Result "1/2-1/2"]
[ECO "A18"]
[WhiteElo "2341"]
[BlackElo "2282"]
[Annotator "NA"]
[PlyCount "89"]
[EventDate "2019.10.17"]
[EventType "swiss"]
[EventCountry "RUS"]
[SourceTitle "playchess.com"]
[Source "ChessBase"]
[SourceQuality "1"]
[TimeControl "180+2"]

1. c4 Nf6 2. Nc3 e6 3. e4 d5 4. e5 d4 5. exf6 dxc3 6. bxc3 Qxf6 7. Nf3 b6 8. d4 h6 9. Bd3 Bb7 10. O-O Nd7 11. Re1 Bd6 12. Rb1 O-O 13. c5 Bxf3 14. Qxf3 Qxf3 15. gxf3 bxc5 16. Be4 Rab8 17. Be3 cxd4 18. cxd4 Nf6 19. Bc6 Nd5 20. Bxd5 exd5 21. h3 Rb6 22. Rbc1 Rb2 23. Ra1 Rfb8 24. Kg2 Rc2 25. Rec1 Re2 26. Re1 Rxe1 27. Rxe1 Rb2 28. Ra1 a5 29. a4 Bb4 30. f4 f5 31. Rc1 Ra2 32. Rxc7 Rxa4 33. Rd7 Ra2 34. Rxd5 a4 35. Rb5 Be7 36. d5 a3 37. Rb7 Bf6 38. Ra7 Ra1 39. d6 a2 40. d7 Rd1 41. Rxa2 Rxd7 42. Ra8+ Kf7 43. Ra4 Ke6 44. Ra6+ Rd6 45. Ra4 {[%emt 0:00:01] Ke5} 1/2-1/2

[Event "RUS-ch Women Blitz 2019"]
[Site "Sochi"]
[Date "2019.10.17"]
[Round "10.6"]
[White "Lysenko, Margarita"]
[Black "Garifullina, Leya"]
[Result "0-1"]
[ECO "E20"]
[WhiteElo "2243"]
[BlackElo "2330"]
[Annotator "NA"]
[PlyCount "106"]
[EventDate "2019.10.17"]
[EventType "swiss"]
[EventCountry "RUS"]
[SourceTitle "playchess.com"]
[Source "ChessBase"]
[SourceQuality "1"]
[TimeControl "180+2"]

1. d4 Nf6 2. c4 e6 3. Nc3 Bb4 4. f3 d5 5. a3 Bxc3+ 6. bxc3 O-O 7. cxd5 Nxd5 8. e4 Ne7 9. Bd3 c5 10. Ne2 cxd4 11. cxd4 Nbc6 12. Be3 Qa5+ 13. Bd2 Qd8 14. Bc3 b6 15. O-O Bb7 16. Rc1 Rc8 17. Bb1 Ng6 18. Qd2 Qd7 19. Rfd1 Rfd8 20. d5 exd5 21. exd5 Nce7 22. d6 Nd5 23. Bb2 Rxc1 24. Rxc1 Qxd6 25. Ng3 Nde7 26. Qc3 f6 27. Qb3+ Bd5 28. Qa4 a5 29. Nf5 Nxf5 30. Bxf5 Bf7 31. Be4 Qd2 32. Qc2 Qe3+ 33. Qf2 Qxf2+ 34. Kxf2 Rd2+ 35. Kg3 Rxb2 36. Rc8+ Nf8 37. a4 Rb4 38. Bc6 h6 39. h4 Bb3 40. Rd8 Kf7 41. Rb8 Kg8 42. Ra8 Rd4 43. Rb8 Bxa4 44. Be4 b5 45. Ra8 b4 46. Rxa5 Bd7 47. Ra7 Be6 48. Rb7 b3 49. Rb8 f5 50. Bc6 Rc4 51. Be8 Rc8 52. Rxc8 Bxc8 53. Ba4 Be6 0-1

[Event "RUS-ch Women Blitz 2019"]
[Site "Sochi"]
[Date "2019.10.17"]
[Round "10.7"]
[White "Voit, Daria"]
[Black "Afonasieva, Anna"]
[Result "1/2-1/2"]
[ECO "D11"]
[WhiteElo "2336"]
[BlackElo "2312"]
[Annotator "NA"]
[PlyCount "62"]
[EventDate "2019.10.17"]
[EventType "swiss"]
[EventCountry "RUS"]
[SourceTitle "playchess.com"]
[Source "ChessBase"]
[SourceQuality "1"]
[TimeControl "180+2"]

1. d4 d5 2. c4 c6 3. Nf3 Nf6 4. e3 e6 5. Bd3 Nbd7 6. O-O dxc4 7. Bxc4 b5 8. Be2 Bb7 9. Qc2 Bd6 10. e4 e5 11. Rd1 Qe7 12. dxe5 Nxe5 13. Nd4 g6 14. f4 O-O 15. fxe5 Bxe5 16. Nf3 c5 17. Nc3 Bxc3 18. bxc3 Bxe4 19. Qb2 a6 20. Bg5 Qe6 21. Bxf6 Qxf6 22. Qd2 Rad8 23. Qe3 Qc6 24. Ne5 Qb7 25. Bf3 Bxf3 26. Nxf3 c4 27. Rd4 Rde8 28. Qf2 Qc6 29. Re1 a5 30. h3 Qc5 31. Rxe8 Rxe8 1/2-1/2

[Event "RUS-ch Women Blitz 2019"]
[Site "Sochi"]
[Date "2019.10.17"]
[Round "10.8"]
[White "Charochkina, Daria"]
[Black "Sukhareva, Evgeniya"]
[Result "0-1"]
[ECO "B06"]
[WhiteElo "2355"]
[BlackElo "2122"]
[Annotator "NA"]
[PlyCount "70"]
[EventDate "2019.10.17"]
[EventType "swiss"]
[EventCountry "RUS"]
[SourceTitle "playchess.com"]
[Source "ChessBase"]
[SourceQuality "1"]
[TimeControl "180+2"]

1. d4 g6 2. e4 Bg7 3. Nc3 d6 4. Be3 c6 5. f4 b5 6. a3 e6 7. Nf3 Ne7 8. Bd3 a6 9. O-O Qc7 10. Qe1 c5 11. dxc5 dxc5 12. e5 Nf5 13. Bf2 h5 14. Ng5 Nd7 15. Bxf5 gxf5 16. Rd1 Bb7 17. Bh4 Bf8 18. Qg3 Qc6 19. Rd2 Rg8 20. Rfd1 O-O-O 21. Qf2 Be7 22. Ne2 f6 23. exf6 Nxf6 24. Ng3 c4 25. Kh1 Ng4 26. Qe2 Kb8 27. h3 Nf6 28. Nxe6 Rde8 29. Qe5+ Ka7 30. Qe3+ Kb8 31. Nd4 Qc7 32. Ndxf5 Bc5 33. Qc3 Ne4 34. Nxe4 Bxe4 35. Ng3 Qb7 0-1

[Event "RUS-ch Women Blitz 2019"]
[Site "Sochi"]
[Date "2019.10.17"]
[Round "10.9"]
[White "Yakimova, Mariya"]
[Black "Chernyak, Viktoria"]
[Result "1/2-1/2"]
[ECO "E06"]
[WhiteElo "2276"]
[BlackElo "2284"]
[Annotator "NA"]
[PlyCount "115"]
[EventDate "2019.10.17"]
[EventType "swiss"]
[EventCountry "RUS"]
[SourceTitle "playchess.com"]
[Source "ChessBase"]
[SourceQuality "1"]
[TimeControl "180+2"]

1. d4 d5 2. Nf3 Nf6 3. c4 e6 4. g3 Be7 5. Bg2 O-O 6. O-O dxc4 7. Ne5 Nc6 8. Nxc6 bxc6 9. e3 Rb8 10. Qa4 c5 11. Rd1 c6 12. dxc5 Qc7 13. Qxc4 Rb5 14. b4 a5 15. a3 e5 16. Nc3 Rb8 17. Rb1 Be6 18. Qa6 axb4 19. axb4 Rfc8 20. Bd2 h5 21. Ne4 Nd5 22. Be1 f5 23. Nd6 Bxd6 24. cxd6 Qxd6 25. Qe2 Bf7 26. e4 fxe4 27. Bxe4 Qf6 28. b5 Ne7 29. b6 h4 30. Ba5 Nd5 31. b7 Re8 32. Bxd5 Bxd5 33. Bc7 Bf3 34. Qa6 Bxd1 35. Rxd1 Qf3 36. Rb1 h3 37. Qc4+ Kh7 38. Qh4+ Kg8 39. Qxh3 Qd3 40. Qf1 Qd5 41. Bxb8 Rxb8 42. Qa6 c5 43. Qa7 Qd6 44. Rb6 Qd1+ 45. Kg2 Qd5+ 46. Kh3 Qd7+ 47. g4 Qd3+ 48. Kh4 Qh7+ 49. Kg3 Qd3+ 50. f3 Rf8 51. b8=Q Qxf3+ 52. Kh4 Qf2+ 53. Kh3 Qf3+ 54. Kh4 Qf2+ 55. Kg5 Qf4+ 56. Kh5 Qxh2+ 57. Kg5 Qf4+ 58. Kh4 1/2-1/2

[Event "RUS-ch Women Blitz 2019"]
[Site "Sochi"]
[Date "2019.10.17"]
[Round "10.10"]
[White "Murashova, Ekaterina"]
[Black "Koroleva, Evgeniya"]
[Result "1/2-1/2"]
[ECO "B40"]
[WhiteElo "2248"]
[BlackElo "1855"]
[Annotator "NA"]
[PlyCount "74"]
[EventDate "2019.10.17"]
[EventType "swiss"]
[EventCountry "RUS"]
[SourceTitle "playchess.com"]
[Source "ChessBase"]
[SourceQuality "1"]
[TimeControl "180+2"]

1. e4 c5 2. Nf3 e6 3. d4 cxd4 4. Nxd4 Nf6 5. Nc3 Nc6 6. Ndb5 Bb4 7. a3 Bxc3+ 8. Nxc3 d5 9. Bd3 d4 10. Ne2 e5 11. O-O O-O 12. h3 Qd6 13. f4 exf4 14. Bxf4 Qc5 15. Ng3 Re8 16. b4 Qb6 17. Bg5 Nd7 18. Qh5 Nce5 19. Bf4 Nf6 20. Qe2 Ng6 21. Bg5 Nd7 22. Nf5 Nde5 23. Kh1 Nxd3 24. Qxd3 Bxf5 25. exf5 Ne5 26. Qg3 f6 27. Bh6 Re7 28. Rae1 Qc7 29. Bf4 Rae8 30. Re2 Qd7 31. Bh6 Kh8 32. Bc1 a6 33. Bb2 Nc6 34. Rxe7 Rxe7 35. Rd1 Qxf5 36. Qd6 Qd7 37. Qf4 Qc7 1/2-1/2